AoeStats
← 帝国的铁汉

Arabia

508622547Analyzed
1v1 RM · 9d ago on Sep 23, 2026· 51m 55s· 2 players
Game mode
Random Map
Map size
Tiny (2 player)
Population
200
Speed
Normal
Resources
Standard
Victory
Conquest
Starting age
Dark Age
Ending age
Imperial Age
RankedLock teamsTeams togetherTeam positionsShared explorationLock speedFull tech treeHidden civsTurbo modeCheats
Victory
Defeat
🇨🇳 Persians · China
1633
+18
🇦🇺 Tatars · Australia
1673
-18
帝国的铁汉
10:16 Loom
12:36 Feudal Age
18:56 Castle Age
17:29 Double-Bit Axe
22:14 Bloodlines
23:54 Pikeman
27:58 Husbandry
29:27 Scale Barding Armor
30:05 Gold Mining
31:59 Chain Barding Armor
32:48 Wheelbarrow
32:26 Forging
42:44 Town Watch
42:54 Fletching
45:19 Horse Collar
45:51 Bow Saw
46:18 Gold Shaft Mining
48:32 Imperial Age
47:25 Ballistics
47:45 Iron Casting
47:28 Heavy Plow
48:12 Cavalier
49:31 Plate Barding Armor
49:38 Conscription
50:22 Blast Furnace
50:39 Hand Cart
Nomad
6:18 Loom
8:54 Feudal Age
9:09 Loom
11:49 Double-Bit Axe
21:34 Castle Age
20:49 Fletching
22:48 Forging
23:51 Bloodlines
29:09 Husbandry
30:27 Bodkin Arrow
Connection lost

Rejoining the realm…

Still unreachable

The connection could not be restored.

Session expired

The server has moved on; the page needs a fresh start.